TOP OF THE 1ST |
Tulsa Drillers batting - Pitching for Iowa Oaks : RHP Robert Almeraz
|
Pitching: RHP Robert Almeraz
|
|
Batting: SHB Paul Householder
|
0-0: Ball 1-0: Called Strike 1-1: Called Strike 1-2: Foul Ball, location: 2F 1-2: Foul Ball, location: 2F 1-2: Ball 2-2: Ball 3-2: Fly out, F8 (Flyball, 78XD, EV 93.1 MPH)
|
Batting: RHB Nick Belmonte
|
0-0: Ball 1-0: Ball 2-0: Foul Ball, location: 2F 2-1: Foul Ball, location: 2F 2-2: Ground out 5-3 (Groundball, 56D, EV 113.1 MPH)
|
Batting: LHB Mike Pagliarulo
|
0-0: Ground out 1-3 (Groundball, 34S, EV 74.4 MPH)
|
Top of the 1st over - 0 runs, 0 hits, 0 errors, 0 left on base; Tulsa 0 - Iowa 0 |
BOTTOM OF THE 1ST |
Iowa Oaks batting - Pitching for Tulsa Drillers : RHP Jay Baller
|
Pitching: RHP Jay Baller
|
|
Batting: LHB Gary Jones
|
0-0: Ball 1-0: Called Strike 1-1: Foul Ball, location: 2F 1-2: Ball 2-2: Foul Ball, location: 2F 2-2: Ball 3-2: Foul Ball, location: 2F 3-2: Base on Balls
|
Batting: RHB Mark Benson
|
0-0: Ball 1-0: Ball 2-0: Ball 3-0: Called Strike 3-1: Foul Ball, location: 2F 3-2: Grounds into double play, 6-4-3 (Groundball, 56, EV 91.3 MPH)
|
Batting: LHB Ronald Little
|
0-0: Ball 1-0: SINGLE (Line Drive, 9S, EV 99.4 MPH)
|
Batting: LHB Donald Johnson
|
0-0: Ball 1-0: Ground out 3-1 (Groundball, 34S, EV 81.9 MPH)
|
Bottom of the 1st over - 0 runs, 1 hit, 0 errors, 1 left on base; Tulsa 0 - Iowa 0 |
TOP OF THE 2ND |
Tulsa Drillers batting - Pitching for Iowa Oaks : RHP Robert Almeraz
|
Batting: LHB Jim Adduci
|
0-0: Called Strike 0-1: SINGLE (Groundball, 4MD, EV 103.1 MPH)
|
Batting: SHB Luis Quinones
|
0-0: Ball 1-0: DOUBLE (Line Drive, 7LM, EV 96.3 MPH) Jim Adduci to third Runner from 3rd tries for Home, SAFE, no throw by LF
|
Batting: RHB Bob Grandas
|
0-0: Ball 1-0: Ball 2-0: Foul Ball, location: 2F 2-1: Ball 3-1: Base on Balls
|
Batting: LHB Randy Braun
|
0-0: Ball 1-0: Fielders Choice at 2nd, 4-6 (Groundball, 4, EV 85.6 MPH) Luis Quinones to third
|
Batting: RHB Bob E Johnson
|
0-0: Called Strike 0-1: Ball 1-1: Ball 2-1: Ball 3-1: Fly out, F9 (Flyball, 9D, EV 78.8 MPH) Runner from 3rd tags up, SCORES, no throw by RF
|
Batting: RHB Onix Concepcion
|
0-0: Ground out 5-3 (Groundball, 56, EV 96.3 MPH)
|
Top of the 2nd over - 2 runs, 2 hits, 0 errors, 1 left on base; Tulsa 2 - Iowa 0 |
BOTTOM OF THE 2ND |
Iowa Oaks batting - Pitching for Tulsa Drillers : RHP Jay Baller
|
Batting: RHB Dave F Schmidt
|
0-0: Ball 1-0: Ball 2-0: Foul Ball, location: 2F 2-1: Swinging Strike 2-2: Foul Ball, location: 2F 2-2: Strikes out swinging
|
Batting: RHB Edgar Flores
|
0-0: Ball 1-0: Ball 2-0: Called Strike 2-1: Foul Ball, location: 2F 2-2: Fly out, F8 (Line Drive, 8RM, EV 97.5 MPH)
|
Batting: SHB Rod Craig
|
0-0: Ball 1-0: Swinging Strike 1-1: Ground out 6-3 (Groundball, 4M, EV 80.6 MPH)
|
Bottom of the 2nd over - 0 runs, 0 hits, 0 errors, 0 left on base; Tulsa 2 - Iowa 0 |
TOP OF THE 3RD |
Tulsa Drillers batting - Pitching for Iowa Oaks : RHP Robert Almeraz
|
Batting: SHB Paul Householder
|
0-0: Fly out, F7 (Flyball, 7LM, EV 108.8 MPH)
|
Batting: RHB Nick Belmonte
|
0-0: Called Strike 0-1: Foul Ball, location: 2F 0-2: Fly out, F7 (Line Drive, 7D, EV 96.3 MPH)
|
Batting: LHB Mike Pagliarulo
|
0-0: Ball 1-0: Ball 2-0: Ground out 5-3 (Groundball, 56, EV 100.6 MPH)
|
Top of the 3rd over - 0 runs, 0 hits, 0 errors, 0 left on base; Tulsa 2 - Iowa 0 |
BOTTOM OF THE 3RD |
Iowa Oaks batting - Pitching for Tulsa Drillers : RHP Jay Baller
|
Batting: RHB Jordan Arredondo
|
0-0: Ball 1-0: Ground out 6-3 (Groundball, 56, EV 88.8 MPH)
|
Batting: LHB Wayne Krenchicki
|
0-0: Ball 1-0: Swinging Strike 1-1: Ball 2-1: Foul Ball, location: 2F 2-2: SINGLE (Line Drive, 56D, EV 101.9 MPH)
|
Batting: LHB Gary Jones
|
0-0: Foul Ball, location: 2F 0-1: Ball 1-1: Ball 2-1: Foul Ball, location: 2F 2-2: Foul Ball, location: 2F 2-2: Ball 3-2: Fielders Choice at 2nd, 3-6 (Groundball, 34S, EV 90.6 MPH)
|
Batting: RHB Mark Benson
|
0-0: Foul Ball, location: 2F 0-1: Ball 1-1: Fly out, F9 (Flyball, 9, EV 79.4 MPH)
|
Bottom of the 3rd over - 0 runs, 1 hit, 0 errors, 1 left on base; Tulsa 2 - Iowa 0 |
TOP OF THE 4TH |
Tulsa Drillers batting - Pitching for Iowa Oaks : RHP Robert Almeraz
|
Batting: LHB Jim Adduci
|
0-0: Foul Ball, location: 2F 0-1: Fly out, F8 (Flyball, 78M, EV 90.6 MPH)
|
Batting: SHB Luis Quinones
|
0-0: Ball 1-0: Ground out 4-3 (Groundball, 4, EV 82.5 MPH)
|
Batting: RHB Bob Grandas
|
0-0: SINGLE (Groundball, 6M, EV 100.0 MPH) (infield hit)
|
Batting: LHB Randy Braun
|
0-0: 2-RUN HOME RUN (Flyball, 89XD, EV 101.9 MPH), Distance : 395 ft
|
Batting: RHB Bob E Johnson
|
0-0: Called Strike 0-1: Called Strike 0-2: Ball 1-2: Ball 2-2: Strikes out swinging
|
Top of the 4th over - 2 runs, 2 hits, 0 errors, 0 left on base; Tulsa 4 - Iowa 0 |
BOTTOM OF THE 4TH |
Iowa Oaks batting - Pitching for Tulsa Drillers : RHP Jay Baller
|
Batting: LHB Ronald Little
|
0-0: Swinging Strike 0-1: Foul Ball, location: 2F 0-2: Ball 1-2: Strikes out swinging
|
Batting: LHB Donald Johnson
|
0-0: Ball 1-0: SOLO HOME RUN (Flyball, 7LD, EV 94.4 MPH), Distance : 359 ft
|
Batting: RHB Dave F Schmidt
|
0-0: Swinging Strike 0-1: Ball 1-1: Foul Ball, location: 2F 1-2: Ball 2-2: Foul Ball, location: 2F 2-2: Reached via error on a dropped throw from P, E3 (Groundball, 15S, EV 72.5 MPH)
|
Batting: RHB Edgar Flores
|
0-0: Ball 1-0: Called Strike 1-1: Ball 2-1: Fly out, F3 (Popup, 3, EV 77.5 MPH)
|
Batting: SHB Rod Craig
|
0-0: Ball 1-0: Ball 2-0: Fly out, F9 (Line Drive, 9, EV 85.6 MPH)
|
Bottom of the 4th over - 1 run, 1 hit, 1 error, 1 left on base; Tulsa 4 - Iowa 1 |
TOP OF THE 5TH |
Tulsa Drillers batting - Pitching for Iowa Oaks : RHP Robert Almeraz
|
Batting: RHB Onix Concepcion
|
0-0: Called Strike 0-1: Swinging Strike 0-2: Ground out 6-3 (Groundball, 6MS, EV 86.9 MPH)
|
Batting: SHB Paul Householder
|
0-0: Ball 1-0: Ball 2-0: Foul Ball, location: 2F 2-1: Foul Ball, location: 2F 2-2: Ball 3-2: Base on Balls
|
Batting: RHB Nick Belmonte
|
0-0: Ball 1-0: Ball 2-0: SINGLE (Groundball, P, EV 87.5 MPH) (infield hit) Paul Householder to second
|
Batting: LHB Mike Pagliarulo
|
0-0: Ball 1-0: Ball 2-0: Ball 3-0: Base on Balls Paul Householder to third Nick Belmonte to second
|
Batting: LHB Jim Adduci
|
0-0: Ball 1-0: Reached on error, E3 (Groundball, 13, EV 83.1 MPH) Paul Householder scores Nick Belmonte to third Mike Pagliarulo to second
|
Batting: SHB Luis Quinones
|
0-0: Called Strike 0-1: Ball 1-1: Called Strike 1-2: Foul Ball, location: 2F 1-2: Ball 2-2: Foul Ball, location: 2F 2-2: Ball 3-2: SINGLE (Groundball, 23, EV 76.9 MPH) (infield hit) Nick Belmonte scores Mike Pagliarulo to third Jim Adduci to second
|
Pitching: RHP Wesley Williams
|
|
Batting: RHB Bob Grandas
|
0-0: Called Strike 0-1: Ball 1-1: Foul Ball, location: 2F 1-2: Foul Ball, location: 2F 1-2: Foul Ball, location: 2F 1-2: Ball 2-2: Ball Wild Pitch! Mike Pagliarulo scores Jim Adduci to third Luis Quinones to second 3-2: Base on Balls
|
Batting: LHB Randy Braun
|
0-0: SINGLE (Groundball, 5S, EV 71.9 MPH) (infield hit) Jim Adduci scores Luis Quinones to third Bob Grandas to second
|
Batting: RHB Bob E Johnson
|
0-0: Foul Ball, location: 2F 0-1: Foul Ball, location: 2F 0-2: Strikes out looking
|
Batting: RHB Onix Concepcion
|
0-0: Called Strike 0-1: Ball 1-1: Ball 2-1: Foul Ball, location: 2F 2-2: Fielders Choice at 2nd, 6-4 (Groundball, 56, EV 110.0 MPH)
|
Top of the 5th over - 4 runs, 3 hits, 1 error, 3 left on base; Tulsa 8 - Iowa 1 |
BOTTOM OF THE 5TH |
Iowa Oaks batting - Pitching for Tulsa Drillers : RHP Jay Baller
|
Batting: RHB Jordan Arredondo
|
0-0: Ball 1-0: DOUBLE (Flyball, 5D, EV 100.6 MPH)
|
Batting: LHB Wayne Krenchicki
|
0-0: Ball 1-0: Ball 2-0: SINGLE (Groundball, 6M, EV 83.8 MPH) (infield hit) Jordan Arredondo to third
|
Batting: LHB Gary Jones
|
0-0: Ball 1-0: Swinging Strike 1-1: Ball 2-1: Ball 3-1: Base on Balls Wayne Krenchicki to second
|
Batting: RHB Mark Benson
|
0-0: Ball 1-0: Called Strike 1-1: Ball 2-1: Foul Ball, location: 2F 2-2: Ball 3-2: SINGLE (Line Drive, 78S, EV 106.3 MPH) Jordan Arredondo scores Wayne Krenchicki to third Gary Jones to second
|
Batting: LHB Ronald Little
|
0-0: Ball 1-0: Swinging Strike 1-1: Fielders Choice at 2nd, 6-4 (Groundball, 6, EV 105.0 MPH) Wayne Krenchicki scores Gary Jones to third
|
Batting: LHB Donald Johnson
|
0-0: Ball 1-0: Ball 2-0: Foul Ball, location: 2F 2-1: Called Strike 2-2: Ball 3-2: Base on Balls Ronald Little to second
|
Batting: RHB Dave F Schmidt
|
0-0: Fly out, F8 (Flyball, 8LD, EV 83.1 MPH) Runner from 3rd tags up, SCORES, throw by CF Ronald Little to third
|
Batting: RHB Edgar Flores
|
0-0: Called Strike 0-1: Ball 1-1: Ball 2-1: Foul Ball, location: 2F 2-2: Strikes out swinging
|
Bottom of the 5th over - 3 runs, 3 hits, 0 errors, 2 left on base; Tulsa 8 - Iowa 4 |
TOP OF THE 6TH |
Tulsa Drillers batting - Pitching for Iowa Oaks : RHP Wesley Williams
|
Batting: SHB Paul Householder
|
0-0: Ball 1-0: SINGLE (Line Drive, 9S, EV 99.4 MPH)
|
Batting: RHB Nick Belmonte
|
0-0: Called Strike 0-1: Swinging Strike 0-2: Ball 1-2: Foul Ball, location: 2F 1-2: Strikes out swinging
|
Batting: LHB Mike Pagliarulo
|
0-0: Ball Paul Householder is caught stealing 2nd base 2-6 1-0: Swinging Strike 1-1: Foul Ball, location: 2F 1-2: Foul Ball, location: 7LSF, Error on foul ball, E7 1-2: Ground out 1-3 (Groundball, 34S, EV 67.5 MPH)
|
Top of the 6th over - 0 runs, 1 hit, 1 error, 0 left on base; Tulsa 8 - Iowa 4 |
BOTTOM OF THE 6TH |
Iowa Oaks batting - Pitching for Tulsa Drillers : RHP Jay Baller
|
Batting: SHB Rod Craig
|
0-0: Ball 1-0: Ground out 6-3 (Groundball, 6, EV 98.1 MPH)
|
Batting: RHB Jordan Arredondo
|
0-0: Fly out, F7 (Flyball, 78M, EV 86.3 MPH)
|
Batting: LHB Wayne Krenchicki
|
0-0: Ground out 6-3 (Groundball, 6M, EV 82.5 MPH)
|
Bottom of the 6th over - 0 runs, 0 hits, 0 errors, 0 left on base; Tulsa 8 - Iowa 4 |
TOP OF THE 7TH |
Tulsa Drillers batting - Pitching for Iowa Oaks : RHP Wesley Williams
|
Batting: LHB Jim Adduci
|
0-0: Ball 1-0: Foul Ball, location: 2F 1-1: Swinging Strike 1-2: Strikes out swinging
|
Batting: SHB Luis Quinones
|
0-0: Ball 1-0: Swinging Strike 1-1: Fly out, F8 (Flyball, 8RS, EV 81.3 MPH)
|
Batting: RHB Bob Grandas
|
0-0: Ball 1-0: Called Strike 1-1: Fly out, F8 (Flyball, 8RM, EV 78.8 MPH)
|
Top of the 7th over - 0 runs, 0 hits, 0 errors, 0 left on base; Tulsa 8 - Iowa 4 |
BOTTOM OF THE 7TH |
Iowa Oaks batting - Pitching for Tulsa Drillers : RHP Jay Baller
|
Batting: LHB Gary Jones
|
0-0: Called Strike 0-1: Swinging Strike 0-2: Ball 1-2: Foul Ball, location: 2F 1-2: DOUBLE (Line Drive, 89XD, EV 105.6 MPH)
|
Batting: RHB Mark Benson
|
0-0: Ball 1-0: Swinging Strike 1-1: Ball 2-1: Called Strike 2-2: Strikes out looking
|
Batting: LHB Ronald Little
|
0-0: Ball 1-0: Called Strike 1-1: Ball 2-1: Ball 3-1: SINGLE (Line Drive, 6D, EV 96.9 MPH) Gary Jones to third Runner from 3rd tries for Home, SAFE, throw by CF to home
|
Batting: LHB Donald Johnson
|
0-0: Fly out, F3 (Line Drive, 3, EV 65.6 MPH)
|
Batting: RHB Dave F Schmidt
|
0-0: Ball 1-0: Foul Ball, location: 2F 1-1: Hit by Pitch Ronald Little to second
|
Batting: RHB Edgar Flores
|
0-0: Called Strike 0-1: Ball 1-1: Foul Ball, location: 2F 1-2: Fielders Choice at 2nd, 6-4 (Groundball, 6, EV 83.8 MPH)
|
Bottom of the 7th over - 1 run, 2 hits, 0 errors, 2 left on base; Tulsa 8 - Iowa 5 |
TOP OF THE 8TH |
Tulsa Drillers batting - Pitching for Iowa Oaks : RHP Wesley Williams
|
Batting: LHB Randy Braun
|
0-0: Foul Ball, location: 2F 0-1: Swinging Strike 0-2: Ball 1-2: Strikes out looking
|
Batting: RHB Bob E Johnson
|
0-0: Foul Ball, location: 2F 0-1: Called Strike 0-2: Ball 1-2: Ball 2-2: Ground out 4-3 (Groundball, 4, EV 97.5 MPH)
|
Batting: RHB Onix Concepcion
|
0-0: Foul Ball, location: 2F 0-1: Ball 1-1: Foul Ball, location: 2F 1-2: Ground out 2-3 (Groundball, 2L, EV 76.3 MPH)
|
Top of the 8th over - 0 runs, 0 hits, 0 errors, 0 left on base; Tulsa 8 - Iowa 5 |
BOTTOM OF THE 8TH |
Iowa Oaks batting - Pitching for Tulsa Drillers : RHP Jay Baller
|
Batting: SHB Rod Craig
|
0-0: Ball 1-0: Called Strike 1-1: Ball 2-1: DOUBLE (Line Drive, 78D, EV 108.1 MPH)
|
Batting: RHB Jordan Arredondo
|
0-0: Called Strike 0-1: Called Strike 0-2: Foul Ball, location: 2F 0-2: Ball 1-2: Ball 2-2: Foul Ball, location: 2F 2-2: Ball 3-2: Strikes out swinging
|
Batting: LHB Wayne Krenchicki
|
0-0: Ball 1-0: Ball 2-0: Ground out U3 (Groundball, 34S, EV 64.4 MPH) Rod Craig to third
|
Batting: LHB Gary Jones
|
0-0: Foul Ball, location: 2F 0-1: Ball 1-1: Called Strike 1-2: Ball 2-2: Foul Ball, location: 2F 2-2: Foul Ball, location: 2F 2-2: Ball 3-2: Strikes out swinging
|
Bottom of the 8th over - 0 runs, 1 hit, 0 errors, 1 left on base; Tulsa 8 - Iowa 5 |
TOP OF THE 9TH |
Tulsa Drillers batting - Pitching for Iowa Oaks : RHP Wesley Williams
|
Now at C: Thomas Vessey
|
|
Batting: SHB Paul Householder
|
0-0: Ball 1-0: Ball 2-0: Ball 3-0: Base on Balls
|
Batting: RHB Nick Belmonte
|
0-0: Ball 1-0: Swinging Strike 1-1: Ball 2-1: Foul Ball, location: 2F 2-2: Foul Ball, location: 2F 2-2: Fly out, F7 (Line Drive, 7, EV 88.1 MPH)
|
Batting: LHB Mike Pagliarulo
|
0-0: Called Strike 0-1: Ball 1-1: Ball Wild Pitch! Paul Householder to second 2-1: Ball 3-1: Foul Ball, location: 2F 3-2: Base on Balls
|
Pitching: RHP Gregory Kastner
|
|
Batting: LHB Jim Adduci
|
0-0: Ball 1-0: Called Strike Paul Householder is caught stealing 3rd base 2-5 1-1: Foul Ball, location: 2F 1-2: SINGLE (Line Drive, 7S, EV 111.9 MPH) Mike Pagliarulo to second
|
Batting: SHB Luis Quinones
|
0-0: 3-RUN HOME RUN (Flyball, 9LD, EV 93.8 MPH), Distance : 342 ft
|
Batting: RHB Bob Grandas
|
0-0: Ball 1-0: Ball 2-0: Ball 3-0: Base on Balls
|
Batting: LHB Randy Braun
|
0-0: Called Strike 0-1: Swinging Strike 0-2: Fly out, F9 (Flyball, 89XD, EV 72.5 MPH)
|
Top of the 9th over - 3 runs, 2 hits, 0 errors, 1 left on base; Tulsa 11 - Iowa 5 |
BOTTOM OF THE 9TH |
Iowa Oaks batting - Pitching for Tulsa Drillers : RHP Jay Baller
|
Batting: RHB Mark Benson
|
0-0: Ball 1-0: Called Strike 1-1: Foul Ball, location: 2F 1-2: Ball 2-2: Strikes out swinging
|
Batting: LHB Ronald Little
|
0-0: Ball 1-0: Foul Ball, location: 2F 1-1: Ball 2-1: Foul Ball, location: 2F 2-2: Fly out, F9 (Flyball, 9, EV 92.5 MPH)
|
Batting: LHB Donald Johnson
|
0-0: Ball 1-0: Foul Ball, location: 2F 1-1: Called Strike 1-2: Reached on error, E9 (Line Drive, 9, EV 87.5 MPH)
|
Pitching: RHP David Melendez
|
|
Batting: RHB Thomas Vessey
|
0-0: Called Strike 0-1: Ball 1-1: Foul Ball, location: 2F 1-2: Ball 2-2: Ball 3-2: Fly out, F8 (Line Drive, 8RM, EV 100.0 MPH)
|
Bottom of the 9th over - 0 runs, 0 hits, 1 error, 1 left on base; Tulsa 11 - Iowa 5 |
|